 Dungeon Crawl Stone Soup version 0.30.1-11-g7821555f0a (webtiles) character file.

Game seed: 10419592459146373749

3280 caec the Martial Artist (level 9, -7/102 HPs)
             Began as a Red Draconian Transmuter on Jan 3, 2024.
             Mangled by an orc warrior
             ... wielding a +0 broad axe
              (9 damage)
             ... in a bailey.
             The game lasted 00:24:34 (7854 turns).

caec the Martial Artist (Red Draconian Transmuter)  Turns: 7854, Time: 00:24:34

Health: -7/102     AC: 11    Str: 13    XL:     9   Next: 69%
Magic:  16/17      EV: 13    Int: 14    God:
Gold:   1585       SH:  0    Dex: 15    Spells: 13/19 levels left

rFire   + .          .
                       - Unarmed
rCold   . . .        (no shield)
rNeg    . . .        (body armour unavailable)
rPois   .            (helmet restricted)
rElec   .            b - +0 cloak
rCorr   +            l - +2 pair of gloves
SInv    .            (no boots)
Will    .....        (no amulet) Stlth
                     v - ring of resist corrosion
HPRegen 0.37/turn    (no ring)
MPRegen 0.15/turn

%: no passive effects
@: berserking, short of breath, wereblooded, very quick
A: breathe fire, AC +7, unfitting armour, fire resistance 1, cold-blooded
a: Breathe Fire


You were in a bailey.
You visited 2 branches of the dungeon, and saw 9 of its levels.
You also visited: Bailey.

You collected 1585 gold pieces.

Inventory:

Missiles
 k - 12 javelins (quivered)
 m - 22 poisoned darts
Armour
 b - a +0 cloak (worn)
 l - a +2 pair of gloves (worn)
Jewellery
 v - a ring of resist corrosion (left hand)
Wands
 d - a wand of flame (9)
 r - a wand of roots (3)
 t - a wand of polymorph (5)
 u - a wand of paralysis (16)
Scrolls
 c - 2 scrolls of fog
 e - a scroll of fear
 i - 2 scrolls of enchant weapon
 n - 7 scrolls of teleportation
 p - 2 scrolls of identify
 q - 2 scrolls of magic mapping
Potions
 a - a potion of lignification
 f - a potion of berserk rage
 j - a potion of ambrosia
 o - a potion of magic
 s - 3 potions of cancellation


   Skills:
 + Level 2.5 Fighting
 + Level 1.7 Throwing
 + Level 4.0 Dodging
 - Level 3.6 Stealth
 + Level 8.1 Unarmed Combat
 + Level 5.5 Spellcasting
 * Level 7.5 Transmutations
 + Level 1.8 Poison Magic
 + Level 0.1 Evocations


You had 13 spell levels left.
You knew the following spells:

 Your Spells              Type           Power      Damage    Failure   Level
a - Beastly Appendage     Tmut           50%        N/A       1%          1
b - Wereblood             Tmut           25%        N/A       1%          2
c - Spider Form           Tmut/Pois      16%        N/A       8%          3

Your spell library contained the following spells:

 Spells                   Type           Power      Damage    Failure   Level
 Apportation              Tloc           6%         N/A       17%         1
 Necrotise                Necr           12%        1d4       17%         1
 Sublimation of Blood     Necr           3%         N/A       26%         2
 Ice Form                 Ice/Tmut       14%        N/A       34%         4
 Petrify                  Tmut/Erth      14%        N/A       34%         4
 Vampiric Draining        Necr           3%         2d6       45%         3
 Alistair's Intoxication  Tmut/Pois      10%        N/A       56%         5
 Irradiate                Conj/Tmut      7%         3d14      69%         5
 Agony                    Necr           3%         N/A       99%         5
 Malign Gateway           Summ/Tloc      1%         N/A       100%        7
 Summon Horrible Things   Summ           1%         N/A       100%        8


Dungeon Overview and Level Annotations

Branches:
Dungeon (8/15)             Temple (1/1) D:6          Bailey (1/1)
   Lair: D:8-11

Altars:
Ashenzari
Cheibriados
Dithmenos
Elyvilon
Fedhas
Kikubaaqudgha
Makhleb
Okawaru
Qazlal
Ru
Sif Muna
Trog
Uskayaw
Vehumet
Wu Jian
Xom
Yredelemnul
The Shining One


Innate Abilities, Weirdness & Mutations

You can breathe blasts of fire.
Your fiery red scales are hard. (AC +7)
You cannot fit into any form of body armour.
Your flesh is heat resistant. (rF+)
You are cold-blooded and may be slowed by cold attacks.


Message History

The kobold brigand hits you but does no damage.
Unknown command.
Okay, then.
Okay, then.
A red film seems to cover your vision as you go berserk!
You feel yourself moving faster!
You feel mighty!
The orc knight roars a battlecry!
The orc warrior goes into a battle-frenzy!
The kobold brigand hits you with a +0 war axe.
The orc warrior hits you but does no damage.
The orc warrior hits you with a +0 battleaxe!
The orc warrior barely misses you.
Unknown command.
You hit the orc warrior. You punch the orc warrior!
The orc warrior is heavily wounded.
You punch the orc warrior!
The orc warrior is severely wounded.
The kobold brigand hits you with a +0 war axe!
The orc warrior hits you with a +0 war axe!
* * * LOW HITPOINT WARNING * * *
The orc warrior hits you with a +0 broad axe!
* * * LOW HITPOINT WARNING * * *
The orc warrior hits you with a +0 battleaxe.
* * * LOW HITPOINT WARNING * * *
You punch the orc warrior!
You feel a bit better.
You kill the orc warrior!
You punch the orc warrior!
The orc warrior is moderately wounded.
The kobold brigand closely misses you.
The orc warrior hits you with a +0 war axe!
* * * LOW HITPOINT WARNING * * *
The orc warrior hits you with a +0 broad axe.
* * * LOW HITPOINT WARNING * * *
You are too berserk!
You pummel the kobold brigand!! You tail-slap the kobold brigand.
The kobold brigand is severely wounded.
You punch the kobold brigand!
You feel a bit better.
You kill the kobold brigand!
The orc warrior hits you with a +0 broad axe!
You die...

####'('####
##~.......~##
###~~...(...~~##
...~~.......~~(..
###~~.......~~###
...~~.......~~..
###~~..oK...~~###
...~~..o)o..~~..
###~(..)@...~~###
..~~.......~~..
###~~.......~~###
..~~.......~~...
##~~...(...~~##
##~.......~##
####.))#### #.).#
#.(.#


You could see an orc knight (very poisoned, slow), 2 orc warriors and a kobold
brigand.

Vanquished Creatures
  Prince Ribbit (D:8)
  Sigmund (D:2)
  A wyvern (D:8)
  Eustachio (D:6)
  An acid dragon (D:7)
  2 water moccasins
  A black bear (D:7)
  2 orc warriors (Bailey)
  A sky beast (D:8)
  A centaur (D:7)
  An ogre (D:4)
  A phantom (D:7)
  2 bullfrogs (D:7)
  4 kobold brigands (Bailey)
  5 wights (D:6)
  6 killer bees (D:8)
  3 howler monkeys (D:7)
  2 hounds
  4 orc priests
  2 gnoll boudas
  An iguana (D:4)
  7 orc wizards
  Robin (D:4)
  6 adders
  8 gnolls
  4 white imps
  2 ufetubi (D:6)
  2 worms
  2 dart slugs (D:3)
  31 orcs
  5 bats
  7 endoplasms
  5 giant cockroaches
  18 goblins
  13 hobgoblins
  18 kobolds
  A quokka (D:1)
  10 ball pythons
  5 frilled lizards
  5 rats
193 creatures vanquished.

Notes
Turn   | Place    | Note
-------+----------+-------------------------------------------
     0 | D:1      | caec the Draconian Transmuter began the quest for the Orb.
     0 | D:1      | Reached XP level 1. HP: 16/16 MP: 3/3
   265 | D:1      | Reached XP level 2. HP: 17/23 MP: 1/5
   268 | D:1      | Learned a level 2 spell: Wereblood
  1229 | D:2      | Reached XP level 3. HP: 28/28 MP: 2/6
  1465 | D:2      | Found a basalt altar of Yredelemnul.
  1793 | D:3      | Noticed Sigmund
  1809 | D:2      | Killed Sigmund
  1810 | D:2      | Reached skill level 1 in Stealth
  1810 | D:2      | Reached skill level 4 in Unarmed Combat
  1810 | D:2      | Reached XP level 4. HP: 14/35 MP: 5/8
  1810 | D:2      | Reached XP level 5. HP: 17/40 MP: 5/9
  2696 | D:3      | Reached XP level 6. HP: 47/47 MP: 11/11
  3043 | D:4      | You fall into a shaft and drop 1 floor!
  3043 | D:5      | Entered Level 5 of the Dungeon
  3099 | D:4      | Noticed a +0 dagger
  3099 | D:4      | Noticed a +0 short sword
  3099 | D:4      | Noticed a +0 spear
  3099 | D:4      | Noticed a +0 short sword
  3101 | D:4      | Noticed a +0 dagger
  3101 | D:4      | Noticed a +0 falchion
  3101 | D:4      | Noticed a +0 spear
  3102 | D:4      | Noticed a +0 falchion
  3131 | D:4      | Found a hide-covered altar of Uskayaw.
  3419 | D:4      | Noticed Robin
  3436 | D:4      | Killed Robin
  3587 | D:4      | Learned a level 3 spell: Spider Form
  3621 | D:4      | Your scales start taking on a fiery red colour.
  3621 | D:4      | Reached XP level 7. HP: 48/52 MP: 9/12
  3621 | D:4      | Gained mutation: Your flesh is heat resistant. (rF+) [Red
                  | Draconian growth]
  4170 | D:5      | Identified a scroll of acquirement
  4171 | D:5      | Acquired 749 gold pieces
  5028 | D:6      | Found a shimmering blue altar of Sif Muna.
  5037 | D:6      | Reached skill level 5 in Unarmed Combat
  5186 | D:6      | Reached skill level 5 in Transmutations
  5245 | D:6      | Noticed Eustachio
  5303 | D:6      | Killed Eustachio
  5304 | D:6      | Reached skill level 6 in Unarmed Combat
  5304 | D:6      | Reached XP level 8. HP: 61/61 MP: 11/14
  5433 | D:6      | Found a staircase to the Ecumenical Temple.
  5437 | Temple   | Entered the Ecumenical Temple
  5756 | D:6      | Reached skill level 1 in Throwing
  6317 | D:7      | Identified the +11 dagger "Mulem" {chaos, +Blink rPois}
  6941 | D:7      | Reached skill level 5 in Spellcasting
  6941 | D:7      | Reached XP level 9. HP: 61/67 MP: 13/16
  7201 | D:7      | Reached skill level 7 in Unarmed Combat
  7431 | D:8      | Found a blossoming altar of Fedhas.
  7466 | D:8      | Noticed Prince Ribbit
  7485 | D:8      | Killed Prince Ribbit
  7486 | D:8      | Reached skill level 1 in Poison Magic
  7657 | D:8      | Found a flagged portal.
  7667 | Bailey   | Entered a bailey
  7762 | Bailey   | Reached skill level 8 in Unarmed Combat
  7815 | Bailey   | Noticed an orc knight
  7852 | Bailey   | HP: 4/102 [orc warrior/+0 war axe (8)]
  7852 | Bailey   | HP: 1/102 [orc warrior/+0 broad axe (3)]
  7854 | Bailey   | Mangled by an orc warrior

Illustrated notes

Levels and vault maps discovered:
D:1:      nicolae_arrival_somewhat_less_tricky_arrival, layout_loops_ring,
          grunt_decor_clamped, minmay_gold_behind_fungi, minivault_24
D:2:      layout_rooms, basic_altar
D:3:      layout_rooms, uniq_sigmund
D:4:      layout_cave_pods, nicolae_uskayaw_en_pointe, uniq_robin
D:5:      layout_layer_cave
D:6:      layout_cave_pods, mainiacjoe_overflow_paths, temple_statues,
          roderic_serpentine_path, uniq_eustachio
D:7:      nicolae_cairo_tiling_very_big, layout_basic
D:8:      layout_rooms, kennysheep_mini, serial_shops, nicolae_square_shop,
          shop, enter_bailey_3, uniq_prince_ribbit1
Temple:   bh_familiar_temple
Bailey:   bailey_axe_3, bailey

Skill      XL: |  1  2  3  4  5  6  7  8  9 |
---------------+----------------------------+-----
Dodging        | 2 3 4 |  4.0
Stealth        | 1 2 3 |  3.6
Unarmed Combat | 4 6 8 |  8.1
Spellcasting   | 3 4 5 |  5.5
Transmutations | 3 4 5 6 7 |  7.5
Throwing       | 1 |  1.7
Fighting       | 2 |  2.5
Poison Magic   | 1 |  1.8
Evocations     | |  0.1

Action                     |  1- 3 |  4- 6 |  7- 9 || total
---------------------------+-------+-------+-------++-------
  Melee: Unarmed           |   109 |   146 |   235 ||   490
         Headbutt          |    15 |    14 |    21 ||    50
         Kick              |    15 |    31 |    35 ||    81
         Tailslap          |     7 |    17 |    14 ||    38
         Punch             |     3 |     2 |     5 ||    10
  Throw: Dart              |       |     5 |    16 ||    21
         Javelin           |       |     1 |       ||     1
   Cast: Beastly Appendage |    29 |    25 |     9 ||    63
         Wereblood         |     6 |     9 |    12 ||    27
         Spider Form       |       |     1 |    13 ||    14
Ability: Breathe Fire      |       |       |    11 ||    11
  Evoke: Wand              |       |       |     5 ||     5
    Use: Scroll            |     4 |     7 |     4 ||    15
         Potion            |     2 |       |     2 ||     4
   Stab: Sleeping          |     2 |       |       ||     2
 Armour: Skin              |    31 |    48 |    59 ||   138
  Dodge: Dodged            |    59 |    82 |   184 ||   325
